AoeStats
← Mr. Cold

Arena

506503715Analyzed
4v4 RM · 19d ago on Sep 13, 2026· 40m 6s· 8 players
Game mode
Random Map
Map size
Large (8 player)
Population
200
Speed
Normal
Resources
Standard
Victory
Conquest
Starting age
Dark Age
Ending age
Imperial Age
RankedLock teamsTeams togetherTeam positionsShared explorationLock speedFull tech treeHidden civsTurbo modeCheats
Victory
Defeat
🇦🇷 Lithuanians · Argentina
1243
+13
🇩🇪 Teutons · Germany
1220
+14
🇸🇰 Spanish · Slovakia
1218
+14
🇷🇴 Franks · Romania
1122
+17
🇺🇸 Persians · United States
1181
-15
🇨🇦 Teutons · Canada
1181
-15
🇹🇷 Dravidians · Türkiye
1151
-14
🇺🇸 Muisca · United States
1145
-14
EightyNine
4:39 Loom
5:05 Loom
11:18 Feudal Age
15:05 Castle Age
13:06 Double-Bit Axe
13:12 Horse Collar
16:16 Bow Saw
16:08 Heavy Plow
17:07 Wheelbarrow
22:48 Hand Cart
24:13 Gold Mining
28:49 Imperial Age
27:43 Ballistics
27:54 Pikeman
28:20 Arson
28:36 Squires
28:39 Scale Mail Armor
28:50 Forging
29:18 Heavy Scorpion
29:22 Halberdier
31:29 Chemistry
31:30 Two-Man Saw
31:49 Ironclad
31:57 Chain Mail Armor
33:58 Plate Mail Armor
37:34 Iron Casting
winter is coming
10:46 Feudal Age
11:49 Loom
14:40 Castle Age
12:51 Double-Bit Axe
13:14 Horse Collar
15:28 Wheelbarrow
17:24 Heavy Plow
19:02 Bow Saw
28:44 Imperial Age
26:23 Scale Mail Armor
27:37 Hand Cart
26:45 Pikeman
27:10 Gambesons
27:25 Squires
27:11 Arson
27:57 Gold Mining
27:58 Stone Mining
28:31 Forging
28:37 Chain Mail Armor
28:24 Padded Archer Armor
29:53 Conscription
28:58 Halberdier
30:18 Iron Casting
31:04 Plate Mail Armor
31:20 Ballistics
30:57 Murder Holes
33:04 Blast Furnace
32:13 Fletching
32:39 Leather Archer Armor
33:39 Chemistry
35:06 Thumb Ring
35:21 Elite Elephant Archer
37:00 Wootz Steel
38:08 Bodkin Arrow
39:04 Ring Archer Armor
38:16 Elite Skirmisher
39:22 Bracer
mR_GrincH_
11:46 Feudal Age
12:18 Horse Collar
12:51 Double-Bit Axe
13:49 Gold Mining
16:13 Castle Age
16:50 Bow Saw
24:21 Wheelbarrow
23:33 Loom
25:32 Gold Shaft Mining
29:07 Imperial Age
27:18 Hand Cart
26:56 Stone Mining
27:24 Scale Barding Armor
27:30 Forging
28:20 Stone Shaft Mining
27:59 Forging
27:51 Town Watch
28:42 Chain Barding Armor
29:13 Bloodlines
29:10 Heavy Plow
28:51 Heavy Camel Rider
28:56 Cavalier
30:14 Iron Casting
30:43 Chemistry
31:32 Two-Man Saw
31:41 Plate Barding Armor
30:29 Savar
31:11 Husbandry
33:05 Blast Furnace
35:49 Crop Rotation
35:05 Light Cavalry
39:12 Padded Archer Armor
39:04 Fletching
jules
10:00 Feudal Age
14:36 Castle Age
14:08 Double-Bit Axe
14:34 Loom
17:26 Horse Collar
19:09 Fletching
19:40 Padded Archer Armor
27:42 Town Watch
28:36 Wheelbarrow
29:59 Hand Cart
30:02 Leather Archer Armor
30:41 Bodkin Arrow
34:49 Imperial Age
35:31 Heavy Plow
35:41 Bow Saw
35:21 Gold Mining
35:21 Stone Mining
35:27 Gold Mining
35:27 Stone Mining
38:07 Chemistry
37:27 Ballistics
Mr. Cold
11:12 Feudal Age
15:29 Castle Age
14:00 Double-Bit Axe
14:16 Horse Collar
15:33 Light Cavalry
23:29 Wheelbarrow
22:39 Loom
25:57 Hand Cart
28:56 Imperial Age
26:27 Gold Mining
26:27 Stone Mining
28:15 Bloodlines
28:05 Husbandry
28:11 Scale Barding Armor
28:16 Forging
29:23 Stone Shaft Mining
29:00 Bow Saw
28:51 Heavy Plow
29:10 Cavalier
30:12 Chain Barding Armor
30:27 Iron Casting
31:55 Plate Barding Armor
32:38 Two-Man Saw
33:44 Conscription
35:06 Chemistry
36:22 Onager
36:50 Paladin
37:02 Pikeman
37:43 Squires
37:44 Scale Mail Armor
37:50 Halberdier
38:36 Tower Shields
40:10 Chain Mail Armor
Luthran
10:46 Feudal Age
14:25 Castle Age
15:01 Double-Bit Axe
14:57 Horse Collar
19:29 Bow Saw
21:04 Stone Mining
23:32 Loom
24:23 Wheelbarrow
23:51 Heavy Plow
23:52 Gold Mining
26:13 Stone Shaft Mining
26:51 Hand Cart
30:21 Imperial Age
29:40 Padded Archer Armor
29:46 Scale Barding Armor
30:45 Elite Conquistador
31:45 Conscription
32:54 Hoardings
33:01 Chain Barding Armor
34:20 Husbandry
34:31 Bloodlines
34:38 Leather Archer Armor
34:13 Fletching
35:00 Plate Barding Armor
37:03 Ring Archer Armor
38:11 Fortified Wall
38:12 Masonry
39:03 Chemistry
38:17 Masonry
38:19 Fortified Wall
38:06 Murder Holes
39:00 Light Cavalry
_MCA_max1336
10:48 Feudal Age
15:25 Castle Age
13:49 Double-Bit Axe
14:38 Horse Collar
16:35 Bow Saw
17:31 Heavy Plow
18:02 Loom
25:30 Wheelbarrow
29:54 Imperial Age
28:05 Scale Barding Armor
28:11 Forging
27:52 Fletching
28:33 Hand Cart
29:18 Chain Barding Armor
29:05 Gold Mining
30:21 Bloodlines
30:15 Cavalier
31:42 Conscription
32:16 Plate Barding Armor
33:22 Two-Man Saw
33:30 Iron Casting
34:11 Pikeman
37:40 Arson
37:56 Squires
39:21 Blast Furnace
38:21 Scale Mail Armor
38:17 Bodkin Arrow
39:58 Hoardings
𝖋𝖔𝖈𝖆
11:58 Feudal Age
16:40 Castle Age
14:45 Double-Bit Axe
18:40 Wheelbarrow
17:56 Loom
18:34 Bow Saw
20:44 Gold Mining
28:25 Imperial Age
26:16 Forging
27:06 Gold Shaft Mining
27:50 Hand Cart
28:26 Iron Casting
28:20 Scale Mail Armor
28:25 Scale Barding Armor
29:27 Husbandry
28:48 Cavalier
29:54 Conscription
30:36 Blast Furnace
30:44 Chain Mail Armor
30:50 Paladin
32:03 Chain Barding Armor
35:07 Chivalry
35:28 #83
36:28 Plate Barding Armor
36:24 Plate Mail Armor
36:45 Man-at-Arms
37:10 Gambesons
37:30 Long Swordsman
38:11 Squires
37:56 Arson
38:07 Two-Handed Swordsman
Connection lost

Rejoining the realm…

Still unreachable

The connection could not be restored.

Session expired

The server has moved on; the page needs a fresh start.